 Dungeon Crawl Stone Soup version 0.32-a0-711-g016ad743e0 (webtiles) character file.

Game seed: 823229519555958567

12 ytrimaz the Caller (level 2, 0/20 HPs)
             Began as a Demigod Summoner on Mar 15, 2024.
             Slain by a kobold
             ... wielding a +0 whip
              (1 damage)
             ... on level 1 of the Dungeon.
             The game lasted 00:00:35 (480 turns).

ytrimaz the Caller (Demigod Summoner)                Turns: 480, Time: 00:00:36

Health: 0/20       AC:  2    Str:  9    XL:     2   Next: 9%
Magic:  6/7        EV: 11    Int: 17    God:
Gold:   59         SH:  0    Dex: 14    Spells: 4/5 levels left

rFire   . . .        (no weapon)
rCold   . . .        (no shield)
rNeg    . . .        a - +0 robe
rPois   .            (no helmet)
rElec   .            (no cloak)
rCorr   .            (no gloves)
SInv    .            (no boots)
Will    .....        (no amulet)
Stlth   ++           (no ring)
HPRegen 0.23/turn    (no ring)
MPRegen 0.10/turn

%: no passive effects
@: no status effects
A: high MP 1, forlorn, divine attributes
a: no special abilities


You were on level 1 of the Dungeon.
You visited 1 branch of the dungeon, and saw 1 of its levels.

You collected 59 gold pieces.


Innate Abilities, Weirdness & Mutations

You have an increased reservoir of magic. (+10% MP)
You shall have no god before yourself.
Your divine heritage dramatically boosts your attributes as you level up.


   Skills:
 - Level 1.7 Dodging
 - Level 1.7 Stealth
 + Level 2.1 Spellcasting
 + Level 3.9 Summonings


You had 4 spell levels left.
You knew the following spells:

 Your Spells              Type           Power      Damage    Failure   Level
a - Summon Small Mammal   Summ           60%        N/A       3%          1

Your spell library contained the following spells:

 Spells                   Type           Power      Damage    Failure   Level
 Call Imp                 Summ           30%        N/A       6%          2
 Call Canine Familiar     Summ           15%        N/A       12%         3
 Gell's Gravitas          Tloc           1%         N/A       50%         3
 Teleport Other           Tloc           1%         N/A       50%         3
 Summon Blazeheart Golem  Fire/Summ      8%         N/A       63%         4
 Summon Lightning Spire   Summ/Air       8%         N/A       63%         4
 Dispersal                Tloc           0%         N/A       100%        6

Inventory:

Armour
 a - a +0 robe (worn)
Scrolls
 d - a scroll of vulnerability {unknown}
 e - a scroll of revelation {unknown}
 f - a scroll of identify {unknown}
Potions
 c - 2 potions of heal wounds {unknown}

Dungeon Overview and Level Annotations

Branches:
Dungeon (1/15) Zot: 5519

Shops:
D:1

! #.#.........#.......#.#
#.##....########.####.#
#.....................#
#..#############.#....#
#.## #.#.##.# #####'####
#.#.##.# .........#
#.#)##.# .........#
######.#.##.# .........#
#.@....#.##.#
.........######Kยง##..#.#
.# ...............KK# #
#......[#####...r.....
#.......# #.##....##
...###### #.##..### .###
#.##..# ...# #.##.#$
#.### #.# .#.#


You could see 3 kobolds and a friendly rat (summoned).


Message History

The kobold barely misses your rat. ๐Ÿ˜Ž MP[-1]
You lost 1 mp, and now have 2/7 mp.
Unknown command.
Found Nirgh's Distillery.
Your quokka completely misses the kobold.
The kobold closely misses your rat.
Your rat barely misses the kobold.
The kobold hits your rat with a +0 club.
Your rat dies!
Your rat's corpse disappears in a puff of smoke! ๐Ÿ˜Ž MP[+1]
The kobold hits your quokka with a +0 whip.
Your quokka dies!
Your quokka's corpse disappears in a puff of smoke!
Unknown command. ๐Ÿ˜Ž MP[-1]
You lost 1 mp, and now have 2/7 mp.
Unknown command.
Your rat closely misses the kobold.
Your rat closely misses the kobold. ๐Ÿ˜Ž MP[-1]
You lost 1 mp, and now have 1/7 mp.
Unknown command.
You barely miss the kobold. The kobold closely misses you.
The kobold hits your rat with a +0 club.
Your rat dies!
Your rat's corpse disappears in a puff of smoke!
Unknown command.
You hit the kobold. The kobold closely misses you.
Your rat closely misses the kobold.
You hit the kobold but do no damage.
The kobold hits your rat with a +0 whip.
The kobold barely misses your rat.
Your rat barely misses the kobold. ๐Ÿ˜Ž MP[+1] Unknown command.
You hit the kobold but do no damage.
The kobold hits your rat with a +0 whip.
Your rat dies!
Your rat's corpse disappears in a puff of smoke!
The kobold misses you. x2; The kobold closely misses you. ๐Ÿ˜Ž MP[-1]
You lost 1 mp, and now have 1/7 mp.
Unknown command.
You hit the kobold.
Your bat hits the kobold but does no damage.
The kobold hits you with a +0 whip. The kobold hits you but does no damage.
The kobold barely misses you. ๐Ÿ˜ฎ HP[-5]
You take 5 damage, and now have 15/20 hp.
MASSIVE DAMAGE!! (PAUSE)
You barely miss the kobold. The kobold closely misses you. x2
The kobold hits you with a +0 short sword.
Your bat barely misses the kobold. ๐Ÿ˜ฎ HP[-3]
You take 3 damage, and now have 12/20 hp.
You are too injured to fight recklessly!
You closely miss the kobold. Your bat hits the kobold.
The kobold hits you with a +0 whip.
* * * LOW HITPOINT WARNING * * *
The kobold hits you with a +0 club.
* * * LOW HITPOINT WARNING * * *
The kobold misses you.
Unknown command. ๐Ÿ˜ฑ HP[-7]
You take 7 damage, and now have 5/20 hp.
MASSIVE DAMAGE!! (PAUSE)
Casting: Summon Small Mammal (safe; 3% risk of failure)
Press: ? - help, Q - select action Dir - look around, f - activate Your bat closely misses the kobold.
The kobold barely misses you. x2
The kobold hits you but does no damage. ๐Ÿ˜ฑ MP[-1]
You lost 1 mp, and now have 0/7 mp.
Unknown command.
Your bat barely misses the kobold.
The kobold attacks as it pursues you! The kobold hits you with a +0 whip.
* * * LOW HITPOINT WARNING * * *
The kobold hits your bat but does no damage.
Your bat barely misses the kobold. ๐Ÿ˜ฑ HP[-4]
You take 4 damage, and now have 1/20 hp.
Unknown command.
Magic courses through your body.
Your bat hits the kobold. The kobold misses you.
Your rat bites the kobold but does no damage. ๐Ÿ˜ฑ MP[+7]
Your mp is fully restored (7).
Unknown command.
Casting: Summon Small Mammal (safe; 3% risk of failure)
Press: ? - help, Q - select action Dir - look around, f - activate Your rat disappears in a puff of smoke!
Your bat hits the kobold but does no damage.
The kobold closely misses you. The kobold hits you but does no damage.
Your bat closely misses the kobold. ๐Ÿ˜ฑ MP[-1]
You lost 1 mp, and now have 6/7 mp.
The kobold hits your bat with a +0 club.
Your bat dies!
Your bat's corpse disappears in a puff of smoke!
The kobold hits you with a +0 whip.
You die...

Skill      XL: |  1 |
---------------+----+-----
Spellcasting   | 2 |  2.1
Dodging        | |  1.7
Stealth        | |  1.7
Summonings     | |  3.9

Action                     || total
---------------------------++-------
  Melee: Unarmed           ||    14
   Cast: Summon Small Mamm ||    22
    Use: Potion            ||     1
 Armour: Robe              ||    18
  Dodge: Dodged            ||    20

Levels and vault maps discovered:
D:1:      matt_arrival_grand_opening, layout_basic, serial_shops,
          nicolae_square_shop

Notes
Turn   | Place    | Note
-------+----------+-------------------------------------------
     0 | D:1      | ytrimaz the Demigod Summoner began the quest for the Orb.
     0 | D:1      | Reached XP level 1. HP: 14/14 MP: 5/5
     0 | D:1      | magus.rc [v1.9.6]
    95 | D:1      | Reached skill level 2 in Spellcasting
   216 | D:1      | You add the spells Gell's Gravitas, Teleport Other and
                  | Dispersal to your library.
   288 | D:1      | Reached XP level 2. HP: 20/20 MP: 4/7
   460 | D:1      | Found Nirgh's Distillery.
   475 | D:1      | HP: 5/20 [kobold/+0 club (3)]
   477 | D:1      | HP: 1/20 [kobold/+0 whip (5)]
   480 | D:1      | Slain by a kobold

Vanquished Creatures
  A frilled lizard (D:1)
1 creature vanquished.

Vanquished Creatures (collateral kills)
  A ball python (D:1)
  2 bats (D:1)
  2 endoplasms (D:1)
  2 goblins (D:1)
  A frilled lizard (D:1)
  A kobold (D:1)
  A rat (D:1)
10 creatures vanquished.

Grand Total: 11 creatures vanquished

Table legend:
 A = Non-vault XP
 B = Vault XP
 C = Vault XP percentage of total XP
 D = Non-vault monster count
 E = Vault monster count
 F = Vault count percentage of total count
                 A         B        C        D         E       F
            +---------+---------+-------+---------+---------+-------
      Total |      18 |       0 |   0.0 |      11 |       0 |   0.0
            +---------+---------+-------+---------+---------+-------
        D:1 |      18 |       0 |   0.0 |      11 |       0 |   0.0
            +---------+---------+-------+---------+---------+-------

Skill      XL: |  1 |
---------------+----+-----
Spellcasting   | 2 |  2.1
Dodging        | |  1.7
Stealth        | |  1.7
Summonings     | |  3.9

Action                     || total
---------------------------++-------
  Melee: Unarmed           ||    14
   Cast: Summon Small Mamm ||    22
    Use: Potion            ||     1
 Armour: Robe              ||    18
  Dodge: Dodged            ||    20

Illustrated notes

Table legend:
 A = Kills in this place as a percentage of kills in the entire game.
 B = Kills by you in this place as a percentage of kills by you in the entire game.
 C = Kills by friends in this place as a percentage of kills by friends in the entire game.
 D = Other kills in this place as a percentage of other kills in the entire game.
 E = Experience gained in this place as a percentage of experience gained in the entire game.
 F = Experience gained in this place divided by the number of levels of this place that you have seen.
                   A       B       C       D       E      F
               +-------+-------+-------+-------+-------+----------------------
         Total | 100.0 | 100.0 | 100.0 |   N/A | 100.0 |  18.0
       Dungeon | 100.0 | 100.0 | 100.0 |   N/A | 100.0 |  18.0
               +-------+-------+-------+-------+-------+----------------------

Table legend: (Time is in decaauts)
 A = Elapsed time spent in this place.
 B = Non-inter-level travel time spent in this place.
 C = Inter-level travel time spent in this place.
 D = Time resting spent in this place.
 E = Time spent auto-exploring this place.
 F = Levels seen in this place.
 G = Mean time per level.
                   A        B        C        D        E       F      G
               +--------+--------+--------+--------+--------+-----+--------+
         Total |    480 |    480 |      0 |      0 |    359 |   1 |  480.0 |
       Dungeon |    480 |    480 |      0 |      0 |    359 |   1 |  480.0 |
               +--------+--------+--------+--------+--------+-----+--------+

Top non-repeatable levels by time:
     D:1: 480 daAuts
